 Seeded DCSS version 0.29.1-15-g9cfb28693d (webtiles) character file.

Game seed: 4916263666957482044 (custom seed)

93 kingofthe the Conjurer (level 4, -2/24 HPs)
             Began as a Deep Elf Conjurer on Apr 10, 2023.
             Killed by nerve-wracking pain
             ... invoked by Jessica
              (14 damage)
             ... on level 3 of the Dungeon.
             The game lasted 00:03:55 (2399 turns).

kingofthe the Conjurer (Deep Elf Conjurer)          Turns: 2399, Time: 00:03:56

Health: -2/24      AC:  2    Str:  4    XL:     4   Next: 37%
Magic:  6/11       EV: 13    Int: 23    God:
Gold:   87         SH:  5    Dex: 15    Spells: 7/10 levels left

rFire   + . .      SeeInvis .   a - staff of conjuration {!a}
rCold   . . .      Faith    .   (no shield)
rNeg    . . .      Spirit   .   d - +0 robe
rPois   .          Reflect  +   (no helmet)
rElec   .          Harm     .   (no cloak)
rCorr   .          Rampage  .   (no gloves)
Will    .....                   (no boots)
Stlth   +++.......              p - amulet of reflection
HPRegen 0.08/turn               F - ring of protection from fire
MPRegen 0.12/turn               (no ring)

@: studying Stealth
A: no striking features
a: no special abilities


You were on level 3 of the Dungeon.
You visited 1 branch of the dungeon, and saw 4 of its levels.

You collected 87 gold pieces.


   Skills:
 * Level 3.8 Dodging
 * Level 4.4 Stealth
 + Level 3.7 Spellcasting
 + Level 4.8 Conjurations


You had 7 spell levels left.
You knew the following spells:

 Your Spells              Type           Power      Damage    Failure   Level
a - Magic Dart            Conj           100%       1d8       1%          1
b - Searing Ray           Conj           78%        2d7       2%          2

Your spell library contained the following spells:

 Spells                   Type           Power      Damage    Failure   Level
 Summon Small Mammal      Summ           16%        N/A       11%         1
 Dazzling Flash           Conj/Hex       46%        N/A       12%         3
 Call Canine Familiar     Summ           4%         N/A       32%         3
 Summon Guardian Golem    Hex/Summ       4%         N/A       32%         3
 Fulminant Prism          Conj/Hex       11%        3d9       36%         4
 Iskenderun's Mystic Bla  Conj/Tloc      23%        2d6       36%         4

Inventory:

Hand Weapons
 b - a +1 dagger of flaming
 o - a +0 dagger of freezing
Missiles
 r - 4 boomerangs of dispersal {=f}
Armour
 d - a +0 robe (worn)
Magical Staves
 a - a staff of conjuration (weapon) {!a}
Jewellery
 p - an amulet of reflection (around neck)
 F - a ring of protection from fire (left hand)
Scrolls
 c - 2 scrolls of brand weapon {unknown}
 f - a scroll of torment {unknown}
 i - a scroll of poison {unknown}
 j - a scroll of enchant armour {unknown}
 m - a scroll of immolation {unknown}
 n - a scroll of fog {unknown}
 q - a scroll of identify {unknown}
 s - a scroll of fear {unknown}
Potions
 e - a potion of flight {unknown}
 g - a potion of ambrosia {unknown}
 h - a potion of invisibility {unknown}
 k - a potion of haste {unknown}
 l - a potion of magic

Dungeon Overview and Level Annotations

Branches:
Dungeon (4/15)
 Temple: D:4-7

Altars:
Fedhas

Shops:
D:4 ?

Annotations:
D:2 1 runed translucent door, Crazy Yiuf
D:3 Jessica

#.......### #......#
#.........# #†#......#
#####.....# #.....####
#....▓▓▓▓▓▓▓▓▓##'###
#....▓ ....).▓.....#
#....▓.P.⚑@P.▓.....#
#....▓.P...P.▓.....#
#....▓.PPPPP.▓##.†.##
#....▓....@..▓......##
#....▓▓▓'''▓▓▓..........
###### #...#............
#.........[......
############..... .....
##... ..


You could see Jessica.


Message History

Your magical contamination has completely faded away.
HP restored.
s - a scroll labelled QAJUQU KOANYNU You open the gate.
Jessica and a rat come into view.
Found 4 poisoned darts and a runed spear.
Found a blossoming altar of Fedhas.
You feel a surge of power!
The magic dart hits the rat.
You kill the rat!
There is an open gate here.
You see here 4 poisoned darts.
Casting: Magic Dart (safe; 1% risk of failure)
Confirm with . or Enter, or press ? or * to list all spells.
Aiming: Searing Ray (safe; 2% risk of failure)
Press: ? - help, Shift-Dir - straight line, f - Jessica
Aim: Jessica, wielding a +0 club and wearing a +0 robe (asleep, 100% to hit)
You feel a surge of power!
The searing ray hits Jessica.
Jessica is severely wounded. (Press . to maintain the ray.)
The searing ray hits Jessica.
Jessica is almost dead.
Jessica points at you and mumbles some strange words.
Pain shoots through your body!
Ouch! That really hurt!
* * * LOW HITPOINT WARNING * * *
The searing ray misses Jessica.
Jessica gestures at you while chanting. Pain shoots through your body!
Ouch! That really hurt!
You die...

Skill      XL: |  1  2  3  4 |
---------------+-------------+-----
Stealth        | 3 4 |  4.4
Dodging        | 3 |  3.8
Spellcasting   | |  3.7
Conjurations   | |  4.8

Action                   |  1- 3 |  4- 6 || total
-------------------------+-------+-------++-------
 Cast: Magic Dart        |    78 |    14 ||    92
       Searing Ray       |     3 |     4 ||     7
Armor: Robe              |     1 |     1 ||     2
Dodge: Dodged            |     2 |       ||     2
Block: Other             |       |     1 ||     1

Levels and vault maps discovered:
D:1:      scummos_arrival_hexagon, layout_basic,
          chequers_ecumenical_altar_island
D:2:      layout_loops_ring, uniq_crazy_yiuf_cottage
D:3:      layout_basic, mainiacjoe_overflow_alcove_4,
          nicolae_sif_muna_little_library, gammafunk_temple_overflow_wave,
          uniq_jessica
D:4:      layout_cave_pools, nemelex_xobeh_ov_fountains_minmay, serial_shops,
          nicolae_take_the_stairs, uniq_natasha

Notes
Turn   | Place    | Note
-------+----------+-------------------------------------------
     0 | D:1      | kingofthe the Deep Elf Conjurer began the quest for the
                  | Orb.
     0 | D:1      | Reached XP level 1. HP: 10/10 MP: 6/6
   183 | D:1      | Reached XP level 2. HP: 15/15 MP: 5/8
   215 | D:1      | Learned a level 2 spell: Searing Ray
   265 | D:1      | Reached skill level 3 in Stealth
   372 | D:1      | Found a faded altar of an unknown god.
   443 | D:1      | Reached skill level 3 in Dodging
   751 | D:1      | Reached XP level 3. HP: 19/19 MP: 6/9
  1204 | D:2      | You fall into a shaft and drop 2 floors!
  1208 | D:4      | Found Sefeebynk's Magic Scroll Boutique.
  1573 | D:2      | Found a runed translucent door.
  1574 | D:2      | Noticed Crazy Yiuf
  1595 | D:2      | Reached XP level 4. HP: 24/24 MP: 8/11
  1626 | D:2      | Reached skill level 4 in Stealth
  2393 | D:3      | Found a blossoming altar of Fedhas.
  2393 | D:3      | Noticed Jessica
  2399 | D:3      | Killed from afar by Jessica

Vanquished Creatures
  4 adders
  A worm (D:2)
  2 dart slugs
  5 endoplasms
  4 giant cockroaches
  4 goblins
  6 hobgoblins
  3 kobolds (D:2)
  A quokka (D:2)
  4 ball pythons
  6 bats (D:1)
  5 frilled lizards
  4 rats
49 creatures vanquished.

Table legend: (Time is in decaauts)
 A = Elapsed time spent in this place.
 B = Non-inter-level travel time spent in this place.
 C = Inter-level travel time spent in this place.
 D = Time resting spent in this place.
 E = Time spent auto-exploring this place.
 F = Levels seen in this place.
 G = Mean time per level.
                   A        B        C        D        E       F      G
               +--------+--------+--------+--------+--------+-----+--------+
         Total |   2397 |   2338 |     59 |      0 |   2071 |   4 |  599.2 |
       Dungeon |   2397 |   2338 |     59 |      0 |   2071 |   4 |  599.2 |
               +--------+--------+--------+--------+--------+-----+--------+

Top non-repeatable levels by time:
     D:2: 1095 daAuts
     D:1: 823 daAuts
     D:3: 467 daAuts
     D:4: 11 daAuts

Table legend:
 A = Non-vault XP
 B = Vault XP
 C = Vault XP percentage of total XP
 D = Non-vault monster count
 E = Vault monster count
 F = Vault count percentage of total count
                 A         B        C        D         E       F
            +---------+---------+-------+---------+---------+-------
      Total |     134 |       0 |   0.0 |      49 |       0 |   0.0
            +---------+---------+-------+---------+---------+-------
        D:1 |      42 |       0 |   0.0 |      24 |       0 |   0.0
        D:2 |      55 |       0 |   0.0 |      16 |       0 |   0.0
        D:3 |      37 |       0 |   0.0 |       9 |       0 |   0.0
            +---------+---------+-------+---------+---------+-------
